Map: 이페머론 - 래더

Players

RazerBlader

  • Race: Terran Terran
  • Spawn Location: 11:00

soO - Winner!

  • Race: Zerg Zerg
  • Spawn Location: 5:00

Event: IEM Katowice 2020

VOD

Have the link to the VOD?

Description

Time

  • Played on: Feb. 25, 2020, 4:22 a.m.
  • Length: 9:46

All games in this series

Show
View Real Time Build Order
Export as new Build Order

RazerBlader Terran 

Build Orders: Liberator Opening, Reaper Expand 

Get SALT Encoding   

  12  0:01  SCV  
  13  0:13  SCV  
  14  0:17  Supply Depot  
  14  0:25  SCV  
  15  0:39  SCV, Barracks  
  16  0:44  Refinery  
  16  0:51  SCV  
  17  1:03  SCV  
  18  1:15  SCV  
  19  1:26  Reaper  
  19  1:27  Orbital Command  
  20  1:41  Command Center  
  20  1:49  Supply Depot  
  20  1:53  SCV  
  21  1:58  Marine  
  22  2:05  SCV  
  23  2:09  Factory  
  23  2:15  Refinery  
  23  2:19  SCV  
  23  2:21  Barracks Reactor  
  24  2:31  SCV  
  24  2:34  Bunker  
  25  2:43  SCV  
  25  2:54  Orbital Command  
  25  2:55  SCV  
  26  3:02  Starport  
  26  3:05  Hellion x2  
  30  3:10  SCV  
  30  3:12  Barracks Tech Lab  
  31  3:22  SCV x2  
  33  3:29  Supply Depot  
  35  3:34  SCV x2, Hellion  
  35  3:37  Hellion  
  39  3:46  SCV x2  
  41  3:53  Supply Depot  
  41  3:54  Stimpack, Marine  
  41  3:55  Liberator  
  45  3:58  SCV x2  
  45  4:01  Hellion  
  49  4:03  Hellion  
  51  4:10  SCV x2  
  51  4:12  Marine  
  54  4:22  SCV x2  
  56  4:30  Command Center  
  56  4:34  Supply Depot, Marine  
  57  4:39  SCV, Starport Reactor  
  57  4:40  SCV  
  59  4:46  Barracks, Factory Tech Lab  
  59  4:49  Barracks  
  59  4:52  SCV  
  60  4:53  SCV  
  60  4:58  Engineering Bay  
  60  4:59  Marine  
  62  5:00  Engineering Bay  
  62  5:04  SCV  
  62  5:05  SCV  
  64  5:07  Refinery  
  64  5:09  Refinery, Siege Tank  
  67  5:18  SCV, Marine  
  69  5:24  SCV  
  69  5:25  Terran Infantry Weapons Level 1, Terran Infantry Armor Level 1  
  69  5:26  Starport Reactor  
  67  5:30  SCV  
  67  5:34  Marine x2  
  70  5:39  Combat Shield  
  70  5:42  SCV, Marine  
  72  5:43  Orbital Command  
  72  5:44  Siege Tank  
  72  5:45  Marine x2  
  72  5:47  SCV  
  76  5:52  Marine x2  
  76  5:55  SCV  
  79  5:59  SCV, Marine  
  79  6:02  Marine  
  79  6:03  Armory  
  82  6:04  Marine  
  82  6:06  Medivac  
  82  6:10  SCV, Marine  
  87  6:11  Medivac  
  87  6:13  Supply Depot  
  89  6:19  Marine  
  89  6:24  Marine x3  
  91  6:28  Marine  
  56  6:32  Orbital Command  
  92  6:33  Supply Depot  
  92  6:34  SCV  
  92  6:35  Supply Depot, Siege Tank  
  92  6:37  Marine  
  97  6:41  SCV  
  97  6:44  Barracks  
  97  6:45  Barracks  
  97  6:46  SCV  
  97  6:47  Marine  
  100  6:56  SCV  
  100  6:58  SCV x2, Marine  
  100  6:59  Marine x2  
  100  7:00  Marine  
  107  7:01  Medivac  
  107  7:07  Medivac  
  107  7:08  SCV  
  97  7:20  SCV x2, Marine x2  
  97  7:21  Marine x3  
  91  7:24  Missile Turret  
  91  7:25  Missile Turret  
  79  7:31  Marine  
  79  7:35  SCV  
  79  7:36  Missile Turret  
  77  7:38  Marine x3  
  77  7:39  Marine x2  
  77  7:42  Barracks Reactor  
  77  7:45  SCV x2  
  77  7:51  SCV  
  79  7:56  Marine x3  
  79  7:58  Medivac, Siege Tank  
  85  8:00  SCV  
  85  8:01  Marine  
  85  8:02  Barracks Reactor  
  85  8:04  Marine  
  89  8:06  SCV  
  89  8:08  Missile Turret  
  89  8:09  SCV  
  91  8:14  Marine x3  
  91  8:15  SCV  
  91  8:18  SCV, Marine  
  97  8:21  Marine  
  97  8:22  Missile Turret, Marine x2  
  97  8:24  SCV  
  101  8:32  Marine x3  
  105  8:34  SCV  
  105  8:36  Marine  
  105  8:39  Refinery, Marine x2  
  105  8:40  Marine  
  105  8:41  Marine  
  108  8:42  SCV  
  108  8:44  Command Center  
  108  8:46  Marine  
  110  8:49  SCV x2, Supply Depot, Marine x2  
  110  8:53  Marine  
  110  8:54  Refinery, Marine  
  110  8:55  SCV  
  115  8:57  Marine x2  
  115  9:02  Thor  
  116  9:05  Marine  
  116  9:06  Marine  
  116  9:08  Marine  
  116  9:09  Marine x2  
  116  9:11  Marine  
  116  9:12  Marine  
  116  9:27  Starport Reactor, Factory  
  116  9:32  Supply Depot x2  
  116  9:33  Supply Depot  
Show
View Real Time Build Order
Export as new Build Order

soO Zerg - Winner!

Build Orders: Pool First, Muta Ling Bane 

Get SALT Encoding   

  12  0:00  Drone  
  13  0:12  Overlord  
  13  0:16  Drone  
  14  0:30  Drone x2  
  16  0:40  Spawning Pool  
  15  0:45  Drone  
  15  0:48  Drone  
  17  1:09  Hatchery  
  17  1:11  Drone  
  17  1:14  Drone  
  18  1:19  Drone  
  18  1:24  Extractor  
  18  1:27  Zergling x2  
  18  1:32  Queen  
  21  1:38  Overlord  
  21  1:49  Drone  
  22  1:59  Drone  
  23  2:07  Queen  
  25  2:11  Drone  
  26  2:21  Queen, Drone  
  29  2:23  Drone  
  29  2:28  Metabolic Boost  
  30  2:33  Drone x2  
  32  2:40  Drone x2  
  34  2:49  Hatchery  
  34  2:50  Drone  
  34  2:53  Drone  
  34  2:57  Overlord  
  35  3:01  Drone  
  36  3:17  Drone x4  
  36  3:19  Queen, Drone  
  43  3:22  Overlord  
  43  3:26  Drone  
  44  3:37  Overlord  
  44  3:42  Zergling x6  
  44  3:44  Drone x2  
  49  3:48  Drone  
  49  3:49  Drone x2  
  49  3:50  Lair  
  49  3:52  Extractor  
  49  3:55  Queen  
  53  4:00  Drone x2  
  53  4:01  Queen  
  53  4:02  Drone  
  58  4:10  Drone  
  58  4:11  Drone  
  58  4:13  Overlord  
  58  4:14  Drone  
  61  4:19  Zergling x2  
  61  4:21  Zergling x2  
  61  4:22  Zergling x2, Drone x2  
  66  4:26  Roach Warren, Drone  
  66  4:27  Overlord  
  66  4:30  Overlord  
  66  4:33  Drone x3  
  66  4:38  Spore Crawler  
  68  4:40  Spore Crawler  
  68  4:42  Spore Crawler  
  68  4:44  Drone  
  68  4:45  Drone  
  68  4:46  Drone  
  68  4:50  Drone x3  
  72  4:53  Baneling Nest  
  72  4:55  Drone  
  72  4:57  Extractor  
  72  4:59  Drone x2  
  74  5:04  Drone  
  74  5:05  Drone x2  
  74  5:06  Drone x2  
  79  5:07  Drone  
  79  5:08  Drone, Extractor  
  79  5:12  Drone, Spire  
  80  5:14  Drone x2  
  80  5:15  Drone  
  80  5:17  Drone  
  80  5:18  Drone  
  80  5:19  Extractor  
  80  5:21  Extractor  
  83  5:23  Drone x2  
  83  5:27  Drone  
  84  5:30  Zergling x6  
  84  5:35  Drone x2  
  89  5:36  Centrifical Hooks  
  89  5:40  Drone  
  89  5:41  Evolution Chamber  
  89  5:43  Evolution Chamber  
  89  5:45  Drone x2  
  90  5:54  Overlord  
  90  5:56  Overlord  
  90  5:57  Overlord  
  90  6:00  Hatchery  
  90  6:01  Overlord  
  89  6:04  Overlord  
  89  6:10  Zerg Melee Weapons Level 1, Zerg Ground Armor Level 1  
  89  6:13  Zergling x12  
  95  6:24  Mutalisk x6  
  107  6:39  Zergling x24  
  118  6:42  Baneling x4  
  118  6:43  Zerg Flyer Weapons Level 1, Baneling x2  
  118  6:50  Overlord, Drone x2  
  120  7:00  Zergling x2  
  120  7:01  Zergling x8  
  125  7:03  Baneling x4  
  125  7:14  Zergling x2  
  125  7:15  Zergling x2  
  111  7:17  Zergling x14  
  110  7:24  Zergling x6  
  110  7:29  Mutalisk  
  108  7:31  Mutalisk  
  108  7:32  Mutalisk  
  108  7:36  Drone x3  
  108  7:37  Drone x4  
  118  7:43  Baneling x3  
  120  7:44  Drone  
  120  7:45  Drone x2  
  120  7:47  Mutalisk  
  125  7:51  Hatchery  
  125  7:53  Infestation Pit, Drone  
  125  7:54  Drone  
  125  7:56  Mutalisk  
  127  8:00  Drone  
  127  8:03  Mutalisk x6  
  127  8:05  Overlord  
  140  8:06  Extractor  
  140  8:09  Hatchery  
  140  8:10  Zergling x4  
  140  8:22  Drone  
  140  8:25  Zergling x18  
  150  8:31  Overlord x2  
  150  8:35  Zergling x2, Overlord  
  150  8:36  Overlord  
  150  8:38  Overlord  
  150  8:40  Overlord  
  151  8:41  Overlord  
  151  8:45  Overlord  
  151  8:47  Baneling x9  
  151  8:50  Zergling x2  
  151  8:51  Zergling x12  
  151  8:54  Zergling x6  
  161  9:02  Zergling x18  
  170  9:03  Zergling x2  
  171  9:11  Zergling x14  
  178  9:24  Baneling x10  
  178  9:28  Drone x3  
  178  9:29  Zergling x10  

Tags
 
Add a new tag
Caveats
  • Supply blocks, unpowered buildings, or Contaminate may cause inaccurate times.
  • Supply counts are checked every 10 seconds.